SAA
PHOENIX HOTSPUR YOUTH @ BELVEDERE PARK RAWHIDES
07/19/2024
 
TOP OF THE 1ST
Phoenix Hotspur Youth batting - Pitching for Belvedere Park Rawhides : LHP Brian Wheeler
Pitching: LHP Brian Wheeler
Batting: RHB Billy Strauss 0-0: Ball
1-0: Ball
2-0: Ground out 6-3 (Groundball, 6M)
Batting: RHB Alex Niemann 0-0: Foul Ball, location: 2F
0-1: Foul Ball, location: 2F
0-2: Ball
1-2: Ball
2-2: Ball
3-2: Strikes out looking
Batting: LHB Ricardo Peña 0-0: Ball
1-0: Foul Ball, location: 2F
1-1: Ball
2-1: Fly out, F8 (Flyball, 8LM)
Top of the 1st over - 0 run(s), 0 hit(s), 0 error(s), 0 left on base; Phoenix Hotspur 0 - Belvedere Park 0
BOTTOM OF THE 1ST
Belvedere Park Rawhides batting - Pitching for Phoenix Hotspur Youth : RHP Santiago Alonza
Pitching: RHP Santiago Alonza
Batting: SHB Javier Valle 0-0: Ball
1-0: Called Strike
1-1: Foul Ball, location: 2F
1-2: Ball
2-2: Ball
3-2: Base on Balls
Batting: SHB Ryan Cook 0-0: Ball
1-0: Fly out, F7 (Flyball, 78M)
Batting: RHB Pedro Jiménez 0-0: Ball
Throwing error on steal attempt, E2
Javier Valle to third
1-0: Ball
2-0: SINGLE (Flyball, 8LS)
Javier Valle scores
Batting: LHB Willie Brown 0-0: Called Strike
0-1: Ball
Pedro Jiménez is caught stealing 2nd base
1-1: Swinging Strike
1-2: Strikes out swinging
Bottom of the 1st over - 1 run(s), 1 hit(s), 1 error(s), 0 left on base; Phoenix Hotspur 0 - Belvedere Park 1
TOP OF THE 2ND
Phoenix Hotspur Youth batting - Pitching for Belvedere Park Rawhides : LHP Brian Wheeler
Batting: RHB Wilson Castillo 0-0: Ball
1-0: Ball
2-0: Called Strike
2-1: DOUBLE (Line Drive, 9LM)
Batting: RHB Jesús Mejía 0-0: Fly out, F3 (Popup, 23F)
Batting: RHB Pedro Martínez 0-0: Fly out, F9 (Flyball, 89M)
Batting: LHB Kenny Scott 0-0: Called Strike
0-1: Foul Ball, location: 2F
0-2: Strikes out swinging
Top of the 2nd over - 0 run(s), 1 hit(s), 0 error(s), 1 left on base; Phoenix Hotspur 0 - Belvedere Park 1
BOTTOM OF THE 2ND
Belvedere Park Rawhides batting - Pitching for Phoenix Hotspur Youth : RHP Santiago Alonza
Batting: SHB Juan Barbán 0-0: Swinging Strike
0-1: Ball
1-1: Ground out 3-1 (Groundball, 34)
Batting: RHB Marshall Lamar 0-0: SINGLE (Groundball, 6MD) (infield hit)
Batting: SHB Francisco Valentín 0-0: Ball
1-0: Ball
Passed Ball!
Marshall Lamar to second
2-0: Ground out 6-3 (Groundball, 6M)
Marshall Lamar to third
Batting: SHB Galtero Suárez 0-0: Foul Ball, location: 2F
0-1: Ball
1-1: Ball
2-1: Swinging Strike
2-2: Foul Ball, location: 2F
2-2: Strikes out swinging
Bottom of the 2nd over - 0 run(s), 1 hit(s), 0 error(s), 1 left on base; Phoenix Hotspur 0 - Belvedere Park 1
TOP OF THE 3RD
Phoenix Hotspur Youth batting - Pitching for Belvedere Park Rawhides : LHP Brian Wheeler
Batting: RHB Javier González 0-0: Ball
1-0: Called Strike
1-1: Ball
2-1: Fly out, F8 (Flyball, 8LM)
Batting: LHB Richard Alpert 0-0: Fly out, F7 (Flyball, 7M)
Batting: RHB Billy Strauss 0-0: Ball
1-0: Swinging Strike
1-1: Foul Ball, location: 2F
1-2: Strikes out swinging
Top of the 3rd over - 0 run(s), 0 hit(s), 0 error(s), 0 left on base; Phoenix Hotspur 0 - Belvedere Park 1
BOTTOM OF THE 3RD
Belvedere Park Rawhides batting - Pitching for Phoenix Hotspur Youth : RHP Santiago Alonza
Batting: RHB César López 0-0: Foul Ball, location: 2F
0-1: Foul Ball, location: 2F
0-2: Ball
1-2: Strikes out swinging
Batting: SHB Javier Valle 0-0: Foul Ball, location: 2F
0-1: Ball
1-1: Foul Ball, location: 2F
1-2: Foul Ball, location: 2F
1-2: Foul Ball, location: 2F
1-2: Ball
2-2: Foul Ball, location: 2F
2-2: Ball
3-2: Foul Ball, location: 2F
3-2: Base on Balls
Batting: SHB Ryan Cook 0-0: Ball
Javier Valle is caught stealing 2nd base
1-0: Ball
2-0: Ball
3-0: Called Strike
3-1: Bunted foul
3-2: DOUBLE (Flyball, 78M)
Batting: RHB Pedro Jiménez 0-0: SINGLE (Line Drive, 7S)
Ryan Cook to third
Runner from 3rd tries for Home, SAFE, no throw or cutoff
Batting: LHB Willie Brown 0-0: Called Strike
0-1: Ball
Pedro Jiménez steals 2nd base
1-1: Foul Ball, location: 2F
1-2: Ball
2-2: Foul Ball, location: 2F
2-2: Ball
3-2: Base on Balls
Batting: SHB Juan Barbán 0-0: Foul Ball, location: 2F
0-1: Called Strike
0-2: Ball
1-2: Strikes out swinging
Bottom of the 3rd over - 1 run(s), 2 hit(s), 0 error(s), 2 left on base; Phoenix Hotspur 0 - Belvedere Park 2
TOP OF THE 4TH
Phoenix Hotspur Youth batting - Pitching for Belvedere Park Rawhides : LHP Brian Wheeler
Batting: RHB Alex Niemann 0-0: Ball
1-0: Called Strike
1-1: Foul Ball, location: 2F
1-2: Ground out 4-3 (Groundball, 4)
Batting: LHB Ricardo Peña 0-0: Ball
1-0: Foul Ball, location: 2F
1-1: Fly out, F7 (Line Drive, 7M)
Batting: RHB Wilson Castillo 0-0: Called Strike
0-1: Fly out, F7 (Flyball, 7M)
Top of the 4th over - 0 run(s), 0 hit(s), 0 error(s), 0 left on base; Phoenix Hotspur 0 - Belvedere Park 2
BOTTOM OF THE 4TH
Belvedere Park Rawhides batting - Pitching for Phoenix Hotspur Youth : RHP Santiago Alonza
Batting: RHB Marshall Lamar 0-0: Swinging Strike
0-1: Called Strike
0-2: Ball
1-2: Fly out, F9 (Flyball, 9S)
Batting: SHB Francisco Valentín 0-0: Ground out 5-3 (Groundball, 56)
Batting: SHB Galtero Suárez 0-0: Ball
1-0: Ball
2-0: Called Strike
2-1: Foul Ball, location: 2F
2-2: Foul Ball, location: 2F
2-2: Foul Ball, location: 2F
2-2: Ground out U3 (Groundball, 3S)
Bottom of the 4th over - 0 run(s), 0 hit(s), 0 error(s), 0 left on base; Phoenix Hotspur 0 - Belvedere Park 2
TOP OF THE 5TH
Phoenix Hotspur Youth batting - Pitching for Belvedere Park Rawhides : LHP Brian Wheeler
Batting: RHB Jesús Mejía 0-0: Called Strike
0-1: Ball
1-1: Foul Ball, location: 2F
1-2: Strikes out swinging
Batting: RHB Pedro Martínez 0-0: Called Strike
0-1: Fly out, F9 (Flyball, 9M)
Pitching: RHP Pio Allori
Batting: LHB Kenny Scott 0-0: Called Strike
0-1: Ground out U3 (Groundball, 3)
Top of the 5th over - 0 run(s), 0 hit(s), 0 error(s), 0 left on base; Phoenix Hotspur 0 - Belvedere Park 2
BOTTOM OF THE 5TH
Belvedere Park Rawhides batting - Pitching for Phoenix Hotspur Youth : RHP Santiago Alonza
Batting: RHB César López 0-0: Foul Ball, location: 2F
0-1: Called Strike
0-2: Strikes out swinging
Batting: SHB Javier Valle 0-0: Ball
1-0: Called Strike
1-1: Called Strike
1-2: Strikes out looking
Batting: SHB Ryan Cook 0-0: Ball
1-0: Fly out, F8 (Flyball, 8LM)
Bottom of the 5th over - 0 run(s), 0 hit(s), 0 error(s), 0 left on base; Phoenix Hotspur 0 - Belvedere Park 2
TOP OF THE 6TH
Phoenix Hotspur Youth batting - Pitching for Belvedere Park Rawhides : RHP Pio Allori
Batting: RHB Javier González 0-0: Ball
1-0: Ball
2-0: Ball
3-0: Base on Balls
Batting: LHB Richard Alpert 0-0: Ball
1-0: Swinging Strike
1-1: Foul Ball, location: 2F
1-2: Ball
2-2: Strikes out looking
Batting: RHB Billy Strauss 0-0: Swinging Strike
0-1: Called Strike
0-2: Ground out 3-1 (Groundball, 34S)
Javier González to second
Batting: RHB Alex Niemann 0-0: Ball
1-0: Ball
2-0: Foul Ball, location: 2F
2-1: Ground out 3-1 (Groundball, 34S)
Top of the 6th over - 0 run(s), 0 hit(s), 0 error(s), 1 left on base; Phoenix Hotspur 0 - Belvedere Park 2
BOTTOM OF THE 6TH
Belvedere Park Rawhides batting - Pitching for Phoenix Hotspur Youth : RHP Santiago Alonza
Batting: RHB Pedro Jiménez 0-0: Ball
1-0: Ball
2-0: Ball
3-0: Called Strike
3-1: Foul Ball, location: 2F
3-2: Foul Ball, location: 2F
3-2: Foul Ball, location: 2F
3-2: Strikes out looking
Batting: LHB Willie Brown 0-0: Ball
1-0: Ball
2-0: Foul Ball, location: 2F
2-1: DOUBLE (Flyball, 9D)
Batting: SHB Juan Barbán 0-0: Intentional Walk
Batting: RHB Marshall Lamar 0-0: Called Strike
0-1: Foul Ball, location: 2F
0-2: Grounds into double play, 5-4-3 (Groundball, 56)
Bottom of the 6th over - 0 run(s), 1 hit(s), 0 error(s), 1 left on base; Phoenix Hotspur 0 - Belvedere Park 2
TOP OF THE 7TH
Phoenix Hotspur Youth batting - Pitching for Belvedere Park Rawhides : RHP Pio Allori
Batting: LHB Ricardo Peña 0-0: Foul Ball, location: 2F
0-1: Ground out 4-3 (Groundball, 4)
Batting: RHB Wilson Castillo 0-0: Called Strike
0-1: Reached on error, E5 (Groundball, 5L)
Batting: RHB Jesús Mejía 0-0: Ball
Wilson Castillo is caught stealing 2nd base
1-0: Foul Ball, location: 2F
1-1: Called Strike
1-2: Ball
2-2: Ball
3-2: SINGLE (Line Drive, 3D)
Batting: RHB Pedro Martínez 0-0: Ball
1-0: Ball
Passed Ball!
Jesús Mejía to second
2-0: Called Strike
2-1: Fly out, F3 (Popup, 3F)
Top of the 7th over - 0 run(s), 1 hit(s), 1 error(s), 1 left on base; Phoenix Hotspur 0 - Belvedere Park 2
BOTTOM OF THE 7TH
Belvedere Park Rawhides batting - Pitching for Phoenix Hotspur Youth : RHP Santiago Alonza
Batting: SHB Francisco Valentín 0-0: Called Strike
0-1: Foul Ball, location: 2F
0-2: Strikes out swinging
Batting: SHB Galtero Suárez 0-0: Ball
1-0: Ground out 4-3 (Groundball, 34)
Batting: RHB César López 0-0: Fly out, F8 (Flyball, 8RM)
Bottom of the 7th over - 0 run(s), 0 hit(s), 0 error(s), 0 left on base; Phoenix Hotspur 0 - Belvedere Park 2
TOP OF THE 8TH
Phoenix Hotspur Youth batting - Pitching for Belvedere Park Rawhides : RHP Pio Allori
Batting: LHB Kenny Scott 0-0: Ball
1-0: Ball
2-0: Fly out, F6 (Popup, 6D)
Batting: RHB Javier González 0-0: Called Strike
0-1: SINGLE (Flyball, 3D)
Pitching: LHP Earnest Cogan
Batting: LHB Richard Alpert 0-0: Ball
1-0: Ball
2-0: Reached on error, E2 (Groundball, 2R)
Javier González to third
Pitching: RHP Seishiro Sato
Pinch Hitting: LHB Derek Blair 0-0: Ball
1-0: Ball
2-0: Ball
3-0: Base on Balls
Batting: RHB Alex Niemann 0-0: Ball
1-0: Swinging Strike
1-1: Called Strike
1-2: Ball
2-2: Grounds into double play, 5-4-3 (Groundball, 56)
Top of the 8th over - 0 run(s), 1 hit(s), 1 error(s), 2 left on base; Phoenix Hotspur 0 - Belvedere Park 2
BOTTOM OF THE 8TH
Belvedere Park Rawhides batting - Pitching for Phoenix Hotspur Youth : RHP Santiago Alonza
Now in LF: Derek Blair
Batting: SHB Javier Valle 0-0: Foul Ball, location: 2F
0-1: SINGLE (Groundball, 34D)
Pitching: LHP Iván Vélez
Batting: SHB Ryan Cook 0-0: Ball
1-0: Called Strike
1-1: Swinging Strike
1-2: Ball
2-2: Foul Ball, location: 2F
2-2: Strikes out swinging
Batting: RHB Pedro Jiménez 0-0: Ball
1-0: Ball
2-0: Foul Ball, location: 2F
2-1: Foul Ball, location: 2F
2-2: Strikes out swinging
Batting: LHB Willie Brown 0-0: Ball
1-0: Called Strike
1-1: Ball
2-1: Ball
3-1: Called Strike
3-2: 2-RUN HOME RUN (Flyball, 9D), Distance : 377 ft
Batting: SHB Juan Barbán 0-0: Foul Ball, location: 2F
0-1: Swinging Strike
0-2: Ball
1-2: Ball
2-2: Ball
3-2: Foul Ball, location: 2F
3-2: Foul Ball, location: 2F
3-2: Base on Balls
Batting: RHB Marshall Lamar 0-0: Called Strike
0-1: Ground out U3 (Groundball, 3S)
Bottom of the 8th over - 2 run(s), 2 hit(s), 0 error(s), 1 left on base; Phoenix Hotspur 0 - Belvedere Park 4
TOP OF THE 9TH
Phoenix Hotspur Youth batting - Pitching for Belvedere Park Rawhides : RHP Seishiro Sato
Pitching: LHP Jim Unknown
Batting: LHB Ricardo Peña 0-0: Called Strike
0-1: Foul Ball, location: 2F
0-2: Foul Ball, location: 2F
0-2: Ball
1-2: Ball
2-2: Strikes out swinging
Batting: RHB Wilson Castillo 0-0: Ball
1-0: Ball
2-0: Called Strike
2-1: Ball
3-1: Base on Balls
Batting: RHB Jesús Mejía 0-0: Ball
1-0: Ball
2-0: Called Strike
2-1: Foul Ball, location: 2F
2-2: Foul Ball, location: 2F
2-2: Fly out, F4 (Popup, 34)
Batting: RHB Pedro Martínez 0-0: Ground out 2-3 (Groundball, 2L)
Top of the 9th over - 0 run(s), 0 hit(s), 0 error(s), 1 left on base; Phoenix Hotspur 0 - Belvedere Park 4
This league is powered by Out of the Park Baseball, the baseball management simulation game for PC, Mac and Linux
Monday, October 3rd, 2016 - OOTP Baseball 16.9 Build 39